 Dungeon Crawl Stone Soup version 0.28-a0-1415-g7c84da036a (webtiles) character file.

Game seed: 46144603455726723

1044 blackman the Cleaver (level 8, -2/60 HPs)
             Began as a Human Fighter on Jan 7, 2022.
             Was a Follower of Zin.
             Slain by an orc warrior (9 damage)
             ... on level 5 of the Dungeon.
             The game lasted 00:18:18 (7795 turns).

blackman the Cleaver (Human Fighter)                Turns: 7795, Time: 00:18:18

Health: -2/60      AC: 14    Str: 18    XL:     8   Next: 49%
Magic:  8/8        EV:  5    Int: 10    God:    Zin [*.....]
Gold:   147        SH: 12    Dex: 12    Spells: 7/7 levels left

rFire   . . .      SeeInvis .   a - +0 war axe (freeze)
rCold   . . .      Faith    +   u - +0 tower shield
rNeg    . . .      Spirit   .   b - +0 scale mail
rPois   .          Reflect  .   h - +1 helmet
rElec   .          Harm     .   (no cloak)
rCorr   .          Rampage  .   (no gloves)
Will    .....                   n - +0 pair of boots
Stlth   ..........              k - amulet of faith
HPRegen 0.20/turn               q - +4 ring of protection
MPRegen 0.11/turn               (no ring)

@: unable to read
A: wild magic 1, inability to read while threatened, devolution 2
a: Renounce Religion, Recite, Donate Gold


You were on level 5 of the Dungeon.
You worshipped Zin.
Zin was aware of your devotion.
You visited 1 branch of the dungeon, and saw 5 of its levels.

You collected 163 gold pieces.
You donated 16 gold pieces to Zin.

Inventory:

Hand Weapons
 a - a +0 war axe of freezing (weapon)
Armour
 b - a +0 scale mail (worn)
 c - a +0 buckler
 h - a +1 helmet (worn)
 n - a +0 pair of boots (worn)
 t - an orb of energy
 u - a +0 tower shield (worn)
Jewellery
 k - an amulet of faith (around neck)
 q - a +4 ring of protection (left hand)
Wands
 o - a wand of iceblast (12) (quivered)
Scrolls
 i - a scroll of amnesia
 j - a scroll of magic mapping
 v - 2 scrolls of immolation
Potions
 d - a potion of flight
 e - a potion of lignification {unknown}
 f - a potion of haste


   Skills:
 - Level 3.8 Fighting
 * Level 8.6 Axes
 - Level 3.8 Armour
 - Level 3.8 Shields


You had 7 spell levels left.
You didn't know any spells.
Your spell library was empty.

Dungeon Overview and Level Annotations

Branches:
Dungeon (5/15)
 Temple: D:4-7

Altars:
Zin


Innate Abilities, Weirdness & Mutations

Your spells are a little harder to cast, but a little more powerful.
You sometimes lose the ability to read scrolls when taking damage.
You have terrible hidden genetic defects.


Message History

You block the orc's attack. You block the orc warrior's attack.
You hit the orc. You freeze the orc.
The orc is almost dead.
You block the orc's attack. You block the orc warrior's attack.
You slash the orc! You freeze the orc.
You kill the orc!
You block the orc warrior's attack. You block the centaur's attack.
The centaur kicks you but does no damage.
The orc warrior hits you but does no damage.
You hit the centaur. You freeze the centaur.
The centaur is severely wounded.
You can read scrolls again.
The centaur hits you but does no damage.
You block the centaur's attack.
The orc hits you from afar with a +0 trident.
* * * LOW HITPOINT WARNING * * *
You block the centaur's attack. x2
The orc warrior hits you from afar with a +0 trident.
* * * LOW HITPOINT WARNING * * *
You hit the centaur. You freeze the centaur.
The centaur is almost dead.
You block the centaur's attack. x2
The orc hits you from afar with a +0 trident.
* * * LOW HITPOINT WARNING * * *
The orc warrior hits you but does no damage.
The centaur hits you but does no damage.
The centaur kicks you but does no damage.
The orc hits you but does no damage.
You barely miss the centaur.
The centaur is almost dead.
You block the centaur's attack. x2
The orc warrior hits you from afar with a +0 trident.
* * * LOW HITPOINT WARNING * * *
The centaur hits you but does no damage.
The centaur kicks you.
* * * LOW HITPOINT WARNING * * *
The orc barely misses you.
The orc warrior hits you from afar with a +0 trident!
You feel threatened and lose the ability to read scrolls!
You die...

.. # .. .. ## .. ##
........ .# ..# ...(.#.
.##.... ##. #.#. .......
.. #..##...####.......
#...##.....##.@co)......
#.#.#..........#o..../..
##.............##......#
..............## ##.....
...............### .....
....##............# ....
#.........#.......#. ...
#...#....###........ ...
###.##....##....#.....


You could see an orc warrior, a centaur and an orc.

Vanquished Creatures
  Grinder (D:4)
  Duvessa (D:5)
  2 phantoms
  2 scorpions
  2 wyvern skeletons (D:5)
  Dowan (D:4)
  An orc priest (D:5)
  A bullfrog skeleton (D:3)
  3 iguanas
  2 orc wizards
  A killer bee zombie (D:5)
  A hound skeleton (D:4)
  3 adders
  An ufetubus (D:4)
  An adder skeleton (D:4)
  A worm (D:4)
  A dart slug (D:1)
  12 orcs
  3 bats
  7 endoplasms
  A giant cockroach (D:4)
  5 goblins
  6 hobgoblins
  3 quokkas
  6 ball pythons
  2 frilled lizards (D:1)
  6 kobolds
  7 rats
83 creatures vanquished.

Vanquished Creatures (others)
  7 plants (D:3)
7 creatures vanquished.

Grand Total: 90 creatures vanquished

Notes
Turn   | Place    | Note
-------+----------+-------------------------------------------
     0 | D:1      | blackman the Human Fighter began the quest for the Orb.
     0 | D:1      | Reached XP level 1. HP: 18/18 MP: 1/1
    75 | D:1      | Reached XP level 2. HP: 24/24 MP: 2/2
   646 | D:1      | Reached XP level 3. HP: 28/29 MP: 3/3
  1083 | D:2      | Found a faded altar of an unknown god.
  1972 | D:3      | Reached XP level 4. HP: 33/35 MP: 4/4
  3099 | D:3      | Found a glowing silver altar of Zin.
  3105 | D:3      | Became a worshipper of Zin the Law-Giver
  3105 | D:3      | Reached * piety under Zin
  3179 | D:3      | Reached XP level 5. HP: 42/42 MP: 5/5
  3528 | D:4      | Reached skill level 3 in Axes
  4137 | D:4      | Reached XP level 6. HP: 46/48 MP: 6/6
  4188 | D:4      | Reached ** piety under Zin
  4194 | D:4      | Noticed Grinder
  4203 | D:4      | Paralysed by Grinder for 5 turns
  4209 | D:4      | Reached skill level 4 in Axes
  4212 | D:4      | Paralysed by Grinder for 6 turns
  4219 | D:4      | Paralysed by Grinder for 5 turns
  4228 | D:4      | Gained mutation: You have hidden genetic defects. [potion
                  | of mutation]
  4228 | D:4      | Gained mutation: Your spells are a little harder to cast,
                  | but a little more powerful. [potion of mutation]
  4910 | D:4      | Reached skill level 5 in Axes
  5509 | D:4      | Paralysed by Grinder for 2 turns
  5516 | D:4      | Paralysed by Grinder for 2 turns
  5519 | D:4      | Killed Grinder
  5520 | D:4      | Reached skill level 6 in Axes
  5520 | D:4      | Reached XP level 7. HP: 19/53 MP: 7/7
  5533 | D:4      | Gained mutation: You have terrible hidden genetic defects.
                  | [hidden defects]
  6256 | D:5      | Entered Level 5 of the Dungeon
  6273 | D:5      | Noticed Duvessa
  6273 | D:5      | Noticed Dowan
  6865 | D:5      | Killed Duvessa
  6866 | D:5      | Reached skill level 7 in Axes
  6866 | D:5      | Reached XP level 8. HP: 33/60 MP: 8/8
  6877 | D:4      | Gained mutation: You sometimes lose the ability to read
                  | scrolls when taking damage. [hidden defects]
  6877 | D:4      | Lost mutation: You have terrible hidden genetic defects.
                  | [hidden defects expressed]
  6881 | D:4      | Zin protects you from harm!
  6886 | D:4      | Killed Dowan
  7663 | D:5      | Reached skill level 8 in Axes
  7671 | D:5      | Gained mutation: You have terrible hidden genetic defects.
                  | [hidden defects]
  7795 | D:5      | Slain by an orc warrior

Illustrated notes

Levels and vault maps discovered:
D:1:      kennysheep_arrival_forest, layout_basic
D:2:      layout_basic, basic_ecumenical_altar
D:3:      layout_basic, mainiacjoe_overflow_six_doors_small, serial_bayou_lake_a
D:4:      layout_basic, amcnicky_mini_rare_corridor_liquid, grunt_decor_cap,
          uniq_grinder
D:5:      layout_cave_pools, uniq_duvessa

Skill      XL: |  1  2  3  4  5  6  7  8 |
---------------+-------------------------+-----
Axes           | 3 6 7 8 |  8.6
Fighting       | |  3.8
Armour         | |  3.8
Shields        | |  3.8

Action                   |  1- 3 |  4- 6 |  7- 9 || total
-------------------------+-------+-------+-------++-------
Melee: War axe           |    76 |   133 |    65 ||   274
       Punch             |       |     1 |       ||     1
Invok: Recite            |       |     1 |       ||     1
       Vitalisation      |       |     1 |       ||     1
Evoke: Wand              |       |     4 |       ||     4
  Use: Scroll            |       |     8 |       ||     8
       Potion            |       |     4 |     1 ||     5
Armor: Scale mail        |    43 |    74 |    59 ||   176
Dodge: Dodged            |    35 |    49 |    24 ||   108
Block: Buckler           |     1 |       |       ||     1
       Tower shield      |       |    37 |    84 ||   121

Table legend: (Time is in decaauts)
 A = Elapsed time spent in this place.
 B = Non-inter-level travel time spent in this place.
 C = Inter-level travel time spent in this place.
 D = Time resting spent in this place.
 E = Time spent auto-exploring this place.
 F = Levels seen in this place.
 G = Mean time per level.
                   A        B        C        D        E       F      G
               +--------+--------+--------+--------+--------+-----+--------+
         Total |   7932 |   7521 |    411 |   3085 |   3549 |   5 | 1586.4 |
       Dungeon |   7932 |   7521 |    411 |   3085 |   3549 |   5 | 1586.4 |
               +--------+--------+--------+--------+--------+-----+--------+

Top non-repeatable levels by time:
     D:4: 4190 daAuts
     D:3: 1475 daAuts
     D:2: 1002 daAuts
     D:1: 952 daAuts
     D:5: 311 daAuts
